 Dungeon Crawl Stone Soup version 0.20-a0-9-g62d82d9 (webtiles) character file.

4530 sveltemanboy the Fiendish (level 10, -8/70 HPs)
             Began as a Demonspawn Gladiator on Nov 1, 2016.
             Was a Priest of Makhleb.
             Mangled by dobroeutro's ghost (15 damage)
             ... on level 9 of the Dungeon.
             The game lasted 00:20:34 (9151 turns).

sveltemanboy the Fiendish (Demonspawn Gladiator)    Turns: 9151, Time: 00:20:35

Health: -8/70      AC:  9    Str: 19    XL:     10   Next: 17%
Magic:  0/15       EV: 11    Int:  9    God:    Makhleb [***...]
Gold:   217        SH:  7    Dex: 16    Spells: 0 memorised, 9 levels left

rFire  . . .     SeeInvis .     a - +2 morningstar (drain)
rCold  + . .     Gourm    .     m - +0 scale mail
rNeg   . . .     Faith    .     (no shield)
rPois  .         Spirit   +     c - +1 helmet
rElec  .         Reflect  +     (no cloak)
rCorr  .         Harm     .     (no gloves)
MR     .....                    (no boots)
Stlth  ..........               u - +3 amulet of reflection
                                i - ring of ice
                                r - ring of protection from fire

@: hasted, very quick
A: talons 2, large bone plates 1, agile 1, blurry vision 2, low mp 1, powered by
death 1, magic shield
a: Minor Destruction, Lesser Servant of Makhleb, Renounce Religion


You were on level 9 of the Dungeon.
You worshipped Makhleb.
Makhleb was most pleased with you.
You were not hungry.

You visited 2 branches of the dungeon, and saw 10 of its levels.

You collected 457 gold pieces.
You spent 240 gold pieces at shops.

Inventory:

Hand Weapons
 a - a +2 morningstar of draining (weapon)
 b - a +2 morningstar of protection
Missiles
 p - a throwing net (quivered)
Armour
 c - a +1 helmet (worn)
 m - a +0 scale mail (worn)
Jewellery
 i - a ring of ice (right hand)
 r - a ring of protection from fire (left hand)
 u - a +3 amulet of reflection (around neck)
 y - a +2 ring of intelligence
Wands
 j - a wand of paralysis (15/24)
 C - a wand of flame (4/48)
 E - a wand of confusion (24/48)
 G - a wand of lightning (0/15)
 M - a wand of polymorph (15/24)
Scrolls
 e - a scroll of noise {unknown}
 k - 4 scrolls of remove curse
 l - 2 scrolls of fear
 n - 3 scrolls of fog
 s - a scroll of enchant armour
 z - a scroll of amnesia {unknown}
 A - 4 scrolls of identify
 D - 3 scrolls of recharging
 F - a scroll of vulnerability {unknown}
 I - a scroll of teleportation
 L - 2 scrolls of magic mapping
 N - a scroll of holy word {unknown}
Potions
 d - a potion of berserk rage
 t - 2 potions of cancellation
 w - a potion of flight {unknown}
 x - a potion of resistance
 J - a potion of might
 K - a potion of heal wounds {unknown}
Comestibles
 f - 6 bread rations
 g - 9 fruits
 h - a royal jelly
 o - 2 meat rations
 q - a beef jerky
 v - 2 slices of pizza
 H - 4 chunks of flesh


   Skills:
 - Level 3.0 Fighting
 * Level 9.2 Maces & Flails
   Level 6.3 Polearms
 - Level 1.7 Throwing
 + Level 3.2 Armour
 - Level 3.2 Dodging
 + Level 9.8 Invocations


You had 9 spell levels left.
You didn't know any spells.

Dungeon Overview and Level Annotations

Branches:
Dungeon (9/15)             Temple (1/1) D:4            Lair (0/6) D:8
    Orc: D:9-12

Altars:
Cheibriados
Dithmenos
Elyvilon
Fedhas
Kikubaaqudgha
Makhleb
Nemelex Xobeh
Okawaru
Uskayaw
Vehumet
Zin

Shops:
D:8 (%

Annotations:
D:9 dobroeutro's ghost, novice MiFi


Innate Abilities, Weirdness & Mutations

You have razor-sharp toenails.
You are partially covered in large bone plates. (SH +4)
You regenerate a little health from kills.
When hurt, damage is shared between your health and your magic reserves.
You are agile. (Dex +2)
Scrolls take you longer to read.
Your magical capacity is low. (-10% MP)


Message History

Dobroeutro's ghost hits you!!
A demon appears!
Dobroeutro's ghost hits you!
* * * LOW HITPOINT WARNING * * *
Your neqoxec hits dobroeutro's ghost but does no damage.
You are too injured to fight recklessly!
Your neqoxec gestures.
What are your orders? t - Shout!
Orders for allies: a - Attack new target. p - Attack previous target. r - Retreat! s - Stop attacking. g - Guard the area. f - Follow me.
Anything else - Cancel.
Gang up on whom?
Press: ? - help, Dir - move target cursor, f/p - dobroeutro's ghost
Aim: dobroeutro's ghost (lightly damaged) Attack!
Dobroeutro's ghost hits you!
* * * LOW HITPOINT WARNING * * *
Your neqoxec hits dobroeutro's ghost.
You feel yourself speed up. Dobroeutro's ghost hits you!!
You die...

############## >>>..........##
..............##
...............##
................##
.......?.........##
..................##
............3..........##
.............5W@.........##
..........................##
...........................##
.............................##
..............................##
......................|........##
................................#
.........###.....................
.........# #....................^


You could see dobroeutro's ghost, a friendly neqoxec and a friendly iron imp.

Vanquished Creatures
  The ghost of Jano the Caller, a novice MfSu (D:4)
  A komodo dragon (D:8)
  Grinder (D:4)
  A basilisk (D:8)
  A hungry ghost (D:8)
  Menkaure (D:4)
  A water moccasin (D:8)
  3 ice beasts
  A necrophage (D:5)
  2 orc warriors
  3 sky beasts
  2 phantoms (D:4)
  4 ogres
  A centaur (D:5)
  Blork the orc (D:4)
  2 bullfrogs
  A gnoll sergeant (D:7)
  A scorpion (D:8)
  An electric eel (D:7)
  2 centaur zombies
  4 crimson imps
  3 hounds
  A quasit (D:6)
  6 orc priests
  4 iguanas
  6 worker ants
  12 orc wizards
  A killer bee zombie (D:8)
  A howler monkey zombie (D:5)
  2 worker ant zombies (D:7)
  17 gnolls
  7 adders
  2 shadow imps
  3 oozes
  3 worms
  3 dart slugs
  5 leopard geckos (D:5)
  36 orcs
  A ball python (D:5)
  7 giant cockroaches
  6 goblins
  5 hobgoblins
  4 jackals
  6 quokkas
  A ball python skeleton (D:4)
  8 bats
  8 frilled lizards
  8 kobolds
  A leopard gecko skeleton (D:4)
  9 rats
211 creatures vanquished.

Vanquished Creatures (others)
  3 plants (D:8)
3 creatures vanquished.

Grand Total: 214 creatures vanquished

Notes
Turn   | Place    | Note
-------+----------+-------------------------------------------
     0 | D:1      | sveltemanboy the Demonspawn Gladiator began the quest for the Orb.
     0 | D:1      | Reached XP level 1. HP: 16/16 MP: 1/1
    55 | D:1      | Gained mutation: You are partially covered in large bone plates. (SH +4) [demonic ancestry]
    55 | D:1      | Reached XP level 2. HP: 22/22 MP: 2/2
   158 | D:1      | Reached skill level 1 in Armour
   221 | D:1      | Gained mutation: You have sharp toenails. [demonic ancestry]
   221 | D:1      | Reached XP level 3. HP: 22/27 MP: 3/3
  1052 | D:1      | Reached XP level 4. HP: 23/33 MP: 4/4
  1840 | D:2      | Reached XP level 5. HP: 25/38 MP: 5/5
  2962 | D:3      | Found a burning altar of Makhleb.
  2962 | D:3      | Noticed a blizzard demon
  2966 | D:3      | Noticed an orange demon
  2966 | D:3      | Noticed a neqoxec
  2968 | D:3      | Became a worshipper of Makhleb the Destroyer
  3303 | D:4      | Noticed Menkaure
  3303 | D:4      | Noticed a phantom
  3308 | D:4      | Killed Menkaure
  3308 | D:4      | Reached skill level 5 in Polearms
  3308 | D:4      | Reached skill level 1 in Invocations
  3308 | D:4      | Gained mutation: You have razor-sharp toenails. [demonic ancestry]
  3308 | D:4      | Reached XP level 6. HP: 44/44 MP: 5/7
  3468 | D:4      | Gained mutation: When hurt, damage is shared between your health and your magic reserves. [demonic ancestry]
  3468 | D:4      | Reached XP level 7. HP: 28/50 MP: 7/9
  3525 | D:4      | Noticed Jano's ghost (novice MfSu)
  3536 | D:4      | Found a staircase to the Ecumenical Temple.
  4016 | D:4      | Reached skill level 1 in Maces & Flails
  4351 | D:4      | Noticed Blork the orc
  4375 | D:4      | Killed Blork the orc
  4685 | D:4      | Reached * piety under Makhleb
  4721 | D:4      | Noticed Grinder
  4721 | D:4      | Paralysed by Grinder for 5 turns
  4737 | D:4      | Paralysed by Grinder for 4 turns
  4746 | D:4      | Paralysed by Grinder for 5 turns
  4759 | D:4      | Killed Grinder
  4759 | D:4      | Reached skill level 5 in Invocations
  4759 | D:4      | Reached XP level 8. HP: 16/56 MP: 3/12
  5019 | D:4      | Killed Jano's ghost
  5204 | Temple   | Entered the Ecumenical Temple
  5217 | D:5      | Entered Level 5 of the Dungeon
  5225 | D:5      | Reached skill level 5 in Maces & Flails
  5282 | D:5      | Got a bone spear
  5283 | D:5      | Identified the +4 spear of Unreason {vamp, MR+} (You found it on level 5 of the Dungeon)
  5498 | D:5      | Found a snail-covered altar of Cheibriados.
  5764 | D:5      | Reached XP level 9. HP: 55/61 MP: 12/14
  6115 | D:5      | Reached ** piety under Makhleb
  7039 | D:7      | Found a radiant altar of Vehumet.
  7350 | D:7      | Gained mutation: Scrolls take you a little longer to read. [mutagenic meat]
  7351 | D:7      | Gained mutation: Scrolls take you longer to read. [mutagenic meat]
  7354 | D:7      | Gained mutation: You are agile. (Dex +2) [mutagenic meat]
  7355 | D:7      | Gained mutation: Your magical capacity is low. (-10% MP) [mutagenic meat]
  7544 | D:7      | Reached *** piety under Makhleb
  7546 | D:7      | Found a sparkling altar of Nemelex Xobeh.
  7955 | D:7      | Found an iron altar of Okawaru.
  7955 | D:7      | Found an ancient bone altar of Kikubaaqudgha.
  7960 | D:7      | Found a faded altar of an unknown god.
  7964 | D:7      | Found a faded altar of an unknown god.
  7966 | D:7      | Found a faded altar of an unknown god.
  8055 | D:8      | Found Xeloriry's Antique Weapon Shoppe.
  8067 | D:8      | Bought a runed morningstar for 240 gold pieces
  8184 | D:8      | Found a hide-covered altar of Uskayaw.
  8236 | D:8      | Found a shadowy altar of Dithmenos.
  8284 | D:8      | Gained mutation: You regenerate a little health from kills. [demonic ancestry]
  8284 | D:8      | Reached XP level 10. HP: 68/68 MP: 15/15
  8372 | D:8      | Found Riffymay's Food Emporium.
  8546 | D:8      | Found a white marble altar of Elyvilon.
  8705 | D:8      | Found a staircase to the Lair.
  9071 | D:9      | Found a hide-covered altar of Uskayaw.
  9133 | D:9      | Noticed dobroeutro's ghost (novice MiFi)
  9151 | D:9      | Mangled by dobroeutro's ghost

Vault maps used:
D:1:      minmay_arrival_floating_metal, st_stairs_12
D:2:      first_bread
D:3:      makhleb_altar_promises_db
D:4:      uniq_grinder, uniq_blork_the_orc, uniq_menkaure
D:5:      cheibriados_altar_1
D:6:      minmay_misc_feat_alley, dk_rats_in_the_wall
D:7:      chequers_temple_overflow_minitemple, lemuel_doored_altar,
          nemelex_xobeh_ov_fountains_minmay, kennysheep_potato
D:8:      elyvilon_altar_3, lemuel_coloured_pillars_altar, david_lair_shrubbed,
          serial_shops, shop, shop, basic_altar
D:9:      lemuel_round_altar
Temple:   nicolae_temple_hex_pool

Skill      XL: |  1  2  3  4  5  6  7  8  9 10 |
---------------+-------------------------------+-----
Polearms       | 3 4 5 6 |  6.3
Armour         | 1 2 3 |  3.2
Invocations    | 1 3 5 7 9 |  9.8
Maces & Flails | 3 6 8 9 |  9.2
Dodging        | 3 |  3.2
Fighting       | 3 |  3.0
Throwing       | |  1.7

Action                   |  1- 3 |  4- 6 |  7- 9 | 10-12 || total
-------------------------+-------+-------+-------+-------++-------
Melee: Trident           |    94 |   218 |    39 |       ||   351
       Kick              |    10 |    57 |   137 |    23 ||   227
       Morningstar       |       |       |   465 |    65 ||   530
Throw: Stone             |    13 |    34 |     8 |       ||    55
       Throwing net      |     3 |     2 |       |       ||     5
Invok: Lesser Servant of |       |       |       |     1 ||     1
Evoke: Wand              |       |       |     2 |    12 ||    14
  Use: Potion            |       |     3 |     3 |     1 ||     7
       Scroll            |       |       |    12 |       ||    12
 Stab: Held in net/web   |     3 |       |       |       ||     3
       Sleeping          |     2 |       |       |       ||     2
       Distracted        |       |       |       |     1 ||     1
  Eat: Chunk             |     1 |     7 |    25 |     3 ||    36
Armor: Leather armour    |    22 |     8 |       |       ||    30
       Ring mail         |       |    19 |   129 |       ||   148
       Scale mail        |       |       |    11 |    15 ||    26
Dodge: Dodged            |    46 |    80 |   229 |    29 ||   384
Block: Other             |    22 |    27 |   133 |    15 ||   197
       Reflection        |       |       |     4 |       ||     4
